 Dungeon Sprint DCSS version 0.30-a0-469-g84de5afbc5 (webtiles) character file.

Game seed: 9140483276166274626

6500000 NinjaNoafa the Intangible (level 27, -64/228 HPs)
             Began as a Djinni Warper on Dec 19, 2022.
             Was the Champion of Makhleb.
             Annihilated by a meat berserker
             ... wielding a +9 battleaxe
              (87 damage)
             ... in the Dungeon (Sprint VIII: "Arena of Blood").
             The game lasted 00:01:34 (65 turns).

NinjaNoafa the Intangible (Djinni Warper)             Turns: 65, Time: 00:01:35

Health: -64/228    AC:  6    Str: 10    XL:     27
Gold:   0          EV: 36    Int: 17    God:    Makhleb [******] SH:  0 Dex: 25

rFire   + + .      SeeInvis .    i - +∞ Axe of Woe
rCold   x . .      Faith    .    (shield currently unavailable)
rNeg    . . .      Spirit   .    b - +0 leather armour
rPois   ∞          Reflect  .    (no helmet)
rElec   .          Harm     .    (no cloak)
rCorr   .          Rampage  .    (no gloves)
Will    ++...      NoTele   +    (boots unavailable)
Stlth   ++++++++++               (no amulet)
HPRegen 0.58/turn                j - +30 ring of slaying
MPRegen 0.00/turn                k - +30 ring of slaying

@: flying, slowed, very slow
A: sickness immunity, fire resistance 2, cold vulnerability 1, float, innate
caster, HP casting, extra vitality 1
a: Renounce Religion, Minor Destruction, Lesser Servant of Makhleb, Major
Destruction, Greater Servant of Makhleb


You were in the Dungeon.
You worshipped Makhleb.
Makhleb was exalted by your worship.
You visited 1 branch

Inventory:

Hand Weapons
 a - a +0 hand axe
 i - the +∞ Axe of Woe (weapon)
   (You found it in the Dungeon)
Missiles
 d - 6 boomerangs of dispersal (quivered)
Armour
 b - a +0 leather armour (worn)
Jewellery
 j - a +30 ring of slaying (left hand)
 k - a +30 ring of slaying (right hand)
 l - a +30 ring of slaying
Scrolls
 c - 2 scrolls of blinking
Potions
 e - a potion of curing
 g - a potion of haste
 h - a potion of berserk rage


   Skills:
 O Level 27 Fighting
 O Level 27 Short Blades
 O Level 27 Long Blades
 O Level 27 Axes
 + Level 26.0(27) Maces & Flails
 + Level 26.0(27) Polearms
 O Level 27 Staves
 + Level 26.1 Ranged Weapons
 O Level 27 Throwing
 O Level 27 Armour
 O Level 27 Dodging
 O Level 27 Stealth
 O Level 27 Shields
 O Level 27 Unarmed Combat
 O Level 27 Spellcasting
 O Level 27 Invocations
 O Level 27 Evocations


You couldn't memorise any spells.
You knew the following spells:

 Your Spells              Type           Power      Damage    Failure   Level
a - Blink                 Tloc           100%       N/A       0%          2
b - Lesser Beckoning      Tloc           100%       N/A       0%          3
c - Vhi's Electric Charg  Tloc/Air       100%       N/A       0%          3
d - Teleport Other        Tloc           86%        N/A       0%          3
e - Manifold Assault      Tloc           86%        N/A       0%          4
f - Sandblast             Erth           100%       2d20      0%          1
g - Static Discharge      Conj/Air       100%       2-7/arc   0%          2
h - Hailstorm             Conj/Ice       86%        3d17      0%          3
i - Fulminant Prism       Conj/Hex       43%        3d19      0%          4
j - Petrify               Tmut/Erth      86%        N/A       0%          4
k - Alistair's Intoxicat  Tmut/Pois      57%        N/A       0%          5
l - Simulacrum            Ice/Necr       43%        N/A       0%          6
m - Iron Shot             Conj/Erth      43%        9d8       0%          6
n - Enfeeble              Hex            43%        N/A       1%          7
o - Discord               Hex            43%        N/A       1%          8
p - Spellforged Servitor  Conj/Summ      43%        N/A       1%          7
q - Disjunction           Tloc           43%        N/A       1%          8
r - Fire Storm            Conj/Fire      43%        8d11      2%          9
Your spell library was empty.

Dungeon Overview and Level Annotations

Branches:
Dungeon (1/1)

Altars:
Makhleb


Innate Abilities, Weirdness & Mutations

You are immune to sickness and miasma.
You are immune to poison.
Your flesh is very heat resistant. (rF++)
You are vulnerable to cold. (rC-)
You float through the air rather than walking.
You learn spells naturally, not from books.
Your magical power is your life essence.
You have superior vitality. (+4 MHP)


Message History

You carve the tentacled monstrosity like a ham!!!
You fatally mangle the tentacled monstrosity.
You kill the tentacled monstrosity!
The tentacled monstrosity disappears in a puff of smoke!
You cut the tyrant into ribbons!!!
You cleave the tyrant in twain.
You destroy the tyrant!
Makhleb accepts your kill.
You feel better.
The large abomination disappears in a puff of smoke! x3
The tentacled monstrosity disappears in a puff of smoke!
The large abomination disappears in a puff of smoke!
The meat beast appears out of thin air!
A meat beast comes into view.
You are engulfed in blazing flames.
You resist.
You hear a shout! x5
A bag of meat comes into view. It is wielding a +9 war axe. x2
The accursed is engulfed in blazing flames.
You hear a shout!
The dread calls on the powers of darkness!
The meat berserker convulses!
Your body is wracked with pain!
* * * LOW HITPOINT WARNING * * *
The accursed points at you and mumbles some strange words.
Something smites you!
* * * LOW HITPOINT WARNING * * *
The accursed casts a spell at you. Something smites you!
* * * LOW HITPOINT WARNING * * *
You hear a shout!
The meat beast bleats!
Your base Maces & Flails skill increases to level 26!
Your base Polearms skill increases to level 26!
Your Ranged Weapons skill increases to level 26!
A meat berserker comes into view. It is wielding a +9 battleaxe.
You feel much better.
The meat berserker appears out of thin air!
A meat berserker comes into view. It is wielding a +9 battleaxe.
You are engulfed in blazing flames.
You resist.
* * * LOW HITPOINT WARNING * * *
You hear a shout! x2
The meat berserker hits you with a +9 battleaxe!!!!
You die...

...z...)###))°.)...
#...X)..)_....)...O
......#..).)#....
......#_)<)_#.)..
.....§#.))..#....
#...§§§.._......o
...)..§§###....O.
...###○)..)..###o.
. #°§)@)M.# .
#))O)M○.#
O..○W..§.§)...o
.).).).WM.).....
..)....)...)O..#
).).)M2..))))##)
...#........#°.
..........).#))


You could see 4 accurseds, a meat beast (fast), 2 dreads, 4 meat berserkers and
2 bags of meat.

Vanquished Creatures
  A hell beast (D)
  2 royal mummies (D)
  6 vampire knights (D)
  24 ogres (D)
  7 two-headed ogres (D)
  3 liches (D)
  37 orcs (D)
  4 skeletal warriors (D)
84 creatures vanquished.

Notes
Turn   | Place    | Note
-------+----------+-------------------------------------------
     0 | D        | Found the +∞ Axe of Woe
     0 | D        | NinjaNoafa the Djinni Warper began the quest for the Orb.
     0 | D        | NinjaNoafa set off with the following spells memorised:
                  | Blink, Lesser Beckoning, Vhi's Electric Charge, Teleport
                  | Other, Manifold Assault.
     0 | D        | Reached XP level 1. HP: 18/18 MP: 0/0
     2 | D        | Noticed a bag of meat
     4 | D        | Became a worshipper of Makhleb the Destroyer
     4 | D        | Noticed a bag of meat
     6 | D        | Noticed a meat berserker
     9 | D        | Noticed a bag of meat
     9 | D        | Noticed a meat berserker
    10 | D        | Killed a bag of meat
    10 | D        | Noticed a meat berserker
    11 | D        | Reached skill level 10 in Invocations
    11 | D        | Reached XP level 2. HP: 37/37 MP: 0/0
    11 | D        | Reached XP level 3. HP: 42/42 MP: 0/0
    11 | D        | Learned a level 1 spell: Sandblast
    11 | D        | Reached XP level 4. HP: 49/49 MP: 0/0
    11 | D        | Reached XP level 5. HP: 53/53 MP: 0/0
    11 | D        | Learned a level 2 spell: Static Discharge
    11 | D        | Reached XP level 6. HP: 59/59 MP: 0/0
    11 | D        | Reached XP level 7. HP: 65/65 MP: 0/0
    11 | D        | Learned a level 3 spell: Hailstorm
    11 | D        | Reached XP level 8. HP: 71/71 MP: 0/0
    11 | D        | Reached XP level 9. HP: 76/76 MP: 0/0
    11 | D        | Learned a level 4 spell: Fulminant Prism
    11 | D        | Reached XP level 10. HP: 82/82 MP: 0/0
    11 | D        | Reached XP level 11. HP: 87/87 MP: 0/0
    11 | D        | Learned a level 4 spell: Petrify
    11 | D        | Killed a meat berserker
    11 | D        | Reached * piety under Makhleb
    12 | D        | Reached skill level 15 in Dodging
    12 | D        | Reached skill level 10 in Spellcasting
    12 | D        | Reached XP level 12. HP: 99/99 MP: 0/0
    12 | D        | Reached XP level 13. HP: 104/104 MP: 0/0
    12 | D        | Learned a level 5 spell: Alistair's Intoxication
    12 | D        | Killed a bag of meat
    12 | D        | Noticed a bag of meat
    12 | D        | Noticed a bag of meat
    13 | D        | Killed a meat berserker
    13 | D        | Noticed a bag of meat
    14 | D        | Reached skill level 15 in Invocations
    14 | D        | Reached XP level 14. HP: 38/116 MP: 0/0
    14 | D        | Killed a meat berserker
    14 | D        | Reached ** piety under Makhleb
    14 | D        | Noticed a bag of meat
    15 | D        | Reached skill level 15 in Axes
    15 | D        | Reached XP level 15. HP: 41/126 MP: 0/0
    15 | D        | Learned a level 6 spell: Simulacrum
    15 | D        | Reached *** piety under Makhleb
    17 | D        | Reached XP level 16. HP: 116/140 MP: 0/0
    18 | D        | Noticed a large bag of meat
    19 | D        | Noticed a meat berserker
    20 | D        | Noticed a meat berserker
    20 | D        | Noticed a meat berserker
    21 | D        | Killed a meat berserker
    21 | D        | Reached **** piety under Makhleb
    21 | D        | Killed a large bag of meat
    22 | D        | Reached skill level 27 in Dodging
    22 | D        | Reached XP level 17. HP: 156/156 MP: 0/0
    22 | D        | Learned a level 6 spell: Iron Shot
    22 | D        | Noticed a meat berserker
    23 | D        | Killed a meat berserker
    23 | D        | Reached ***** piety under Makhleb
    23 | D        | Killed a meat berserker
    23 | D        | Noticed a destroyer
    24 | D        | Reached skill level 27 in Fighting
    24 | D        | Reached skill level 27 in Axes
    24 | D        | Reached skill level 1 in Throwing
    24 | D        | Reached skill level 15 in Spellcasting
    24 | D        | Reached XP level 18. HP: 167/167 MP: 0/0
    26 | D        | Killed a meat berserker
    26 | D        | Killed a destroyer
    27 | D        | Reached XP level 19. HP: 174/174 MP: 0/0
    27 | D        | Learned a level 7 spell: Enfeeble
    28 | D        | Reached skill level 5 in Throwing
    28 | D        | Reached ****** piety under Makhleb
    28 | D        | Noticed a meat berserker
    29 | D        | Reached skill level 27 in Spellcasting
    31 | D        | Killed a meat berserker
    32 | D        | Reached XP level 20. HP: 181/181 MP: 0/0
    36 | D        | Noticed a meat berserker
    36 | D        | Noticed a meat berserker
    36 | D        | Noticed a meat berserker
    37 | D        | Killed a meat berserker
    37 | D        | Killed a meat berserker
    37 | D        | Noticed a destroyer
    38 | D        | Killed a destroyer
    38 | D        | Killed a meat berserker
    38 | D        | Noticed a meat berserker
    38 | D        | Noticed a meat berserker
    39 | D        | Reached skill level 27 in Throwing
    39 | D        | Reached XP level 21. HP: 187/187 MP: 0/0
    39 | D        | Learned a level 8 spell: Discord
    39 | D        | Killed a meat berserker
    39 | D        | Killed a meat berserker
    40 | D        | Reached skill level 27 in Armour
    40 | D        | Noticed a large bag of meat
    40 | D        | Noticed a destroyer
    40 | D        | Noticed a meat berserker
    40 | D        | Noticed a large bag of meat
    41 | D        | Noticed a large bag of meat
    42 | D        | Noticed a large bag of meat
    42 | D        | Noticed a meat berserker
    43 | D        | Reached XP level 22. HP: 194/194 MP: 0/0
    43 | D        | Killed a destroyer
    44 | D        | Noticed a meat berserker
    45 | D        | Reached skill level 27 in Stealth
    45 | D        | Killed a meat berserker
    46 | D        | Reached XP level 23. HP: 201/201 MP: 0/0
    46 | D        | Learned a level 7 spell: Spellforged Servitor
    46 | D        | Noticed a destroyer
    47 | D        | Reached skill level 10 in Shields
    47 | D        | Reached skill level 10 in Unarmed Combat
    47 | D        | Reached skill level 10 in Evocations
    47 | D        | Killed a large bag of meat
    47 | D        | Killed a destroyer
    48 | D        | Reached XP level 24. HP: 208/208 MP: 0/0
    48 | D        | Killed a large bag of meat
    48 | D        | Killed a large bag of meat
    48 | D        | Noticed a large bag of meat
    48 | D        | Noticed a large bag of meat
    49 | D        | Killed a large bag of meat
    49 | D        | Noticed a tyrant
    49 | D        | Noticed a destroyer
    49 | D        | Noticed an accursed
    50 | D        | Reached skill level 15 in Short Blades
    50 | D        | Reached skill level 15 in Long Blades
    50 | D        | Reached skill level 15 in Staves
    50 | D        | Noticed an accursed
    51 | D        | Killed an accursed
    52 | D        | Reached XP level 25. HP: 214/214 MP: 0/0
    52 | D        | Learned a level 8 spell: Disjunction
    53 | D        | Reached XP level 26. HP: 181/221 MP: 0/0
    54 | D        | Killed a destroyer
    54 | D        | Noticed an accursed
    55 | D        | Killed a large bag of meat
    55 | D        | Noticed a tyrant
    55 | D        | Noticed an accursed
    55 | D        | Noticed a destroyer
    55 | D        | Noticed a tyrant
    57 | D        | Killed a large bag of meat
    57 | D        | Noticed an accursed
    58 | D        | Reached skill level 27 in Invocations
    58 | D        | Reached XP level 27. HP: 139/228 MP: 0/0
    58 | D        | Learned a level 9 spell: Fire Storm
    58 | D        | Killed a destroyer
    59 | D        | Noticed a dread
    59 | D        | Noticed a meat beast
    59 | D        | Noticed a dread
    59 | D        | Noticed an accursed
    61 | D        | Killed a tyrant
    61 | D        | Killed an accursed
    61 | D        | Killed a meat beast
    62 | D        | Reached skill level 27 in Shields
    62 | D        | Reached skill level 27 in Unarmed Combat
    62 | D        | Reached skill level 27 in Evocations
    63 | D        | Reached skill level 27 in Short Blades
    63 | D        | Killed a tyrant
    64 | D        | Reached skill level 27 in Long Blades
    64 | D        | Reached skill level 27 in Staves
    64 | D        | Killed a tyrant
    64 | D        | HP: 10/228 [accursed/divine providence (13)]
    64 | D        | Noticed a meat beast
    65 | D        | Annihilated by a meat berserker

Illustrated notes

Levels and vault maps discovered:
D:        meatsprint

Skill      XL: |  1  2  3  4  5  6  7  8  9 10 11 12 13 14 15 16 17 18 19 20 21 22 23 24 25 26 27 |
---------------+----------------------------------------------------------------------------------+-----
Fighting       | 11 13 16 18 21 25 27 | 27.0
Axes           | 9 11 13 15 18 21 27 | 27.0
Armour         | 11 13 16 18 25 27 | 27.0
Dodging        | 12 15 17 19 23 27 | 27.0
Spellcasting   | 8 10 12 15 23 27 | 27.0
Invocations    | 10 13 15 18 20 24 25 27 | 27.0
Throwing       | 1 4 12 27 | 27.0
Stealth        | 22 27 | 27.0
Short Blades   | 8 13 18 19 22 27 | 27.0
Long Blades    | 8 13 18 19 22 27 | 27.0
Maces & Flails | 8 12 16 17 20 26 | 26.0
Polearms       | 8 12 16 17 20 26 | 26.0
Staves         | 8 13 18 19 22 27 | 27.0
Ranged Weapons | 8 12 16 17 20 26 | 26.1
Shields        | 9 14 19 20 23 27 | 27.0
Unarmed Combat | 9 14 19 21 23 27 | 27.0
Evocations     | 9 14 19 20 23 27 | 27.0

Action                   |  1- 3 |  4- 6 |  7- 9 | 10-12 | 13-15 | 16-18 | 19-21 | 22-24 | 25-27 || total
-------------------------+-------+-------+-------+-------+-------+-------+-------+-------+-------++-------
Melee: Executioner's axe |     1 |       |       |     1 |     7 |    11 |    17 |    22 |    19 ||    78
Throw: Boomerang         |       |       |       |       |       |       |     1 |       |       ||     1
 Cast: Manifold Assault  |       |       |       |       |     2 |     3 |     8 |     5 |     2 ||    20
  Use: Potion            |       |       |       |       |       |       |       |       |     1 ||     1
Dodge: Dodged            |       |       |       |       |       |       |       |     2 |     2 ||     4

Table legend: (Time is in decaauts)
 A = Elapsed time spent in this place.
 B = Non-inter-level travel time spent in this place.
 C = Inter-level travel time spent in this place.
 D = Time resting spent in this place.
 E = Time spent auto-exploring this place.
 F = Levels seen in this place.
 G = Mean time per level.
                   A        B        C        D        E       F      G
               +--------+--------+--------+--------+--------+-----+--------+
         Total |     60 |     60 |      0 |      0 |      0 |   1 |   60.0 |
       Dungeon |     60 |     60 |      0 |      0 |      0 |   1 |   60.0 |
               +--------+--------+--------+--------+--------+-----+--------+

Top non-repeatable levels by time:
       D: 60 daAuts
